 Dungeon Crawl Stone Soup version 0.30-a0-586-g23e55c9e0a (webtiles) character file.

Game seed: 2542903128259865855

107443 billz999 the Warrior (level 17, 0/131 HPs)
             Began as a Djinni Ice Elementalist on Jan 4, 2023.
             Was the Champion of Makhleb.
             Slain by a wolf spider (8 damage)
             ... on level 1 of the Spider Nest.
             The game lasted 01:29:38 (28809 turns).

billz999 the Warrior (Djinni Ice Elementalist)     Turns: 28809, Time: 01:29:38

Health: 0/131      AC: 12    Str: 18    XL:     17   Next: 1%
Gold:   1384       EV: 20    Int: 33    God:    Makhleb [******] SH:  0 Dex: 23

rFire   + + +      SeeInvis .    b - +8 shortbow (elec)
rCold   + . .      Faith    .    (shield currently unavailable)
rNeg    . . .      Spirit   .    W - +0 leather armour of Happiness {rElec Will++ Dex+7}
rPois   ∞          Reflect  .    p - +2 helmet of Darkness {rC+++ Str+2 Int+4}
rElec   +          Harm     .    w - +1 cloak {Will+}
rCorr   .          Rampage  .    V - +2 pair of gloves {Str+3}
Will    ++++.                    (boots unavailable)
Stlth   ++                       K - amulet of regeneration
HPRegen 1.21/turn                Q - +6 ring of intelligence
MPRegen 0.00/turn                y - ring "Zazxyul" {rF+ rC- Str+6}

@: flying, slowed, very slow
A: sickness immunity, fire resistance 2, cold vulnerability 1, float, innate
caster, HP casting, extra vitality 1
a: Renounce Religion, Minor Destruction, Lesser Servant of Makhleb, Major
Destruction, Greater Servant of Makhleb


You were on level 1 of the Spider Nest.
You worshipped Makhleb.
Makhleb was exalted by your worship.
You visited 5 branches of the dungeon, and saw 24 of its levels.
You also visited: Sewer, Ossuary and Bailey.

You collected 4375 gold pieces.
You spent 2991 gold pieces at shops.

Inventory:

Hand Weapons
 b - a +8 shortbow of electrocution (weapon)
 g - the +9 trident of Joyful Slaughter {heavy, rC+}
   (You found it on level 5 of the Lair of Beasts)

   It deals dramatically more damage, but attacks with it are much slower.
   rC:        It protects you from cold.
Missiles
 D - 8 throwing nets
Armour
 p - the +2 helmet of Darkness (worn) {rC+++ Str+2 Int+4}
   (You bought it in a shop on level 2 of the Orcish Mines)

   Str:       It affects your strength (+2).
   Int:       It affects your intelligence (+4).
   rC:        It renders you almost immune to cold.
 w - a +1 cloak of willpower (worn)
 V - a +2 pair of gloves of strength (worn)
 W - the +0 leather armour of Happiness (worn) {rElec Will++ Dex+7}
   (You bought it in a shop on level 12 of the Dungeon)

   Dex:       It affects your dexterity (+7).
   rElec:     It insulates you from electricity.
   Will:      It greatly increases your willpower.
Magical Staves
 a - a staff of cold
Jewellery
 d - a +6 ring of strength
 n - a ring of willpower
 s - a ring of fire
 y - the ring "Zazxyul" (right hand) {rF+ rC- Str+6}
   (You found it on level 4 of the Dungeon)

   [ring of protection from fire]

   Str:       It affects your strength (+6).
   rF:        It protects you from fire.
   rC:        It makes you vulnerable to cold.
 A - a +5 ring of evasion
 K - an amulet of regeneration (around neck)
 Q - a +6 ring of intelligence (left hand)
 S - a ring of fire
Wands
 f - a wand of charming (5)
 q - a wand of quicksilver (3)
 J - a wand of mindburst (32)
 M - a wand of flame (12)
Scrolls
 h - 2 scrolls of magic mapping
 l - 3 scrolls of immolation
 o - 4 scrolls of identify
 t - 3 scrolls of poison
 u - 3 scrolls of enchant armour
 v - 7 scrolls of teleportation
 B - 4 scrolls of noise
 C - 5 scrolls of fog
 F - 2 scrolls of blinking
 T - a scroll of brand weapon
 U - 2 scrolls of butterflies
Potions
 c - 3 potions of degeneration
 e - 5 potions of mutation
 i - 3 potions of haste
 j - 7 potions of might
 k - 2 potions of ambrosia
 m - 2 potions of invisibility
 r - 9 potions of flight
 x - 10 potions of curing
 z - 4 potions of brilliance
 E - 2 potions of attraction
 G - 4 potions of cancellation
 H - 3 potions of lignification
 I - 4 potions of resistance
 N - 6 potions of magic
 O - a potion of berserk rage
 R - a potion of experience


   Skills:
 - Level 15.0 Fighting
 - Level 14.0 Ranged Weapons
 - Level 5.4 Armour
 - Level 10.0 Dodging
 - Level 2.4 Stealth
 - Level 7.8 Spellcasting
 + Level 13.4 Invocations


You couldn't memorise any spells.
You knew the following spells:

 Your Spells              Type           Power      Damage    Failure   Level
a - Freeze                Ice            100%       1d10      1%          1
b - Frozen Ramparts       Ice            100%       1d16      1%          3
c - Ozocubu's Armour      Ice            59%        N/A       1%          3
d - Summon Ice Beast      Ice/Summ       59%        N/A       1%          4
e - Beastly Appendage     Tmut           100%       N/A       1%          1
f - Scorch                Fire           100%       2d10      1%          2
g - Spider Form           Tmut/Pois      59%        N/A       1%          3
h - Dazzling Flash        Conj/Hex       100%       N/A       1%          3
i - Flame Wave            Conj/Fire      59%        2d14      1%          4
j - Fireball              Conj/Fire      29%        3d13      4%          5
k - Eringya's Noxious Bo  Tmut/Pois      29%        N/A       26%         6
l - Statue Form           Tmut/Erth      39%        N/A       26%         6
Your spell library was empty.

Dungeon Overview and Level Annotations

Branches:
Dungeon (15/15)            Temple (1/1) D:5            Lair (5/5) D:10
 Shoals (0/4) Lair:2       Spider (1/4) Lair:2        Slime (0/5) Lair:4
    Orc (2/2) D:11            Elf (0/3) Orc:2        Vaults (0/5) D:14
 Depths (0/4) D:15          Sewer (visited)         Ossuary (visited)
 Bailey (visited)

Altars:
Cheibriados
Dithmenos
Elyvilon
Fedhas
Gozag
Hepliaklqana
Makhleb
Nemelex Xobeh
Okawaru
Qazlal
Ru
Trog
Uskayaw
Wu Jian
Xom
Zin
The Shining One
Jiyva

Shops:
D:4 [**   D:9 !   D:12 [   D:15 (   Orc:2 ![([

Annotations:
D:3 3 runed translucent doors, Theoretic's ghost, weakling FeEn
D:5 3 runed translucent doors, Newt's ghost, amateur DsGl
D:6 2 transporters, tonyyikes's ghost, novice DjCj
Lair:4 1 runed translucent door, Saozxam's ghost, journeyman KoHu


Innate Abilities, Weirdness & Mutations

You are immune to sickness and miasma.
You are immune to poison.
Your flesh is very heat resistant. (rF++)
You are vulnerable to cold. (rC-)
You float through the air rather than walking.
You learn spells naturally, not from books.
Your magical power is your life essence.
You have superior vitality. (+4 MHP)


Message History

The redback is moderately wounded.
The flame wave engulfs the broodmother!!
The broodmother is moderately wounded.
The flame wave engulfs the jumping spider.
You kill the jumping spider!
Makhleb accepts your kill.
You feel better.
The flame wave engulfs the torpor snail!!
The torpor snail is moderately wounded. (Press . to intensify the flame waves.)
You hear a hideous shriek!
The redback barely misses you.
The wavering orb of destruction hits you!!
The broodmother misses you. The torpor snail barely misses you.
Casting: Flame Wave (mildly dangerous; 1% risk of failure)
Confirm with . or Enter, or press ? or * to list all spells.
Restarting spell: Flame Wave (mildly dangerous; 1% risk of failure)
Press: ? - help, Dir - look around, f - activate A wave of flame ripples out!
The flame wave engulfs the redback!!
The redback is almost dead.
The flame wave engulfs the wolf spider!
The wolf spider is lightly wounded.
The flame wave engulfs the broodmother!!
The broodmother is heavily wounded.
The flame wave engulfs the torpor snail.
The torpor snail is heavily wounded. (Press . to intensify the flame waves.)
You hear a faint skittering sound.
The redback completely misses you.
A redback comes into view.
The wolf spider hits you! The wolf spider misses you. The redback bites you.
The broodmother barely misses you. The wolf spider misses you.
The wolf spider closely misses you. The wolf spider hits you!
The wolf spider closely misses you. The torpor snail bites you!
The broodmother bites you!!
* * * LOW HITPOINT WARNING * * *
A spider bursts forth from the wound!
The redback bites you but does no damage.
The wolf spider hits you!
You die...

#...#^.#.††..##
...#..#......#
#..#.....#####
#..#...###
##..#..##
#......#
###...### #
#..ss##.# ...
#s)s@#..#..#
#ssssw....#
#.^ss#.s.#......
#.....#..s#
....s
##..####..# ...#
.... #### s..
... #. ..


You could see a broodmother, a torpor snail, 3 wolf spiders, 2 orb spiders, a
jumping spider (summoned) and 5 redbacks.

Vanquished Creatures
  Saint Roka (Orc:2)
  Jorgrun (D:15)
  An orc warlord (D:11)
  A stone giant (D:15)
  Snorg (D:13)
  Josephine (D:11)
  3 hydras
  2 vault guards (D:14)
  Harold (D:11)
  A catoblepas (D:15)
  A merfolk avatar (Lair:5)
  Erica (D:10)
  A tengu warrior (D:13)
  5 centaur warriors
  A death knight (D:13)
  3 two-headed ogres
  4 boulder beetles
  6 death yaks
  An orc high priest (Orc:2)
  8 hell knights (D:15)
  2 pharaoh ants (Spider:1)
  2 sea snakes (Lair:4)
  5 skeletal warriors
  4 lindwurms (Lair:5)
  4 necromancers
  4 wizards (D:14)
  A harpy (Lair:5)
  Pikel (D:5)
  5 orc knights
  2 deep elf pyromancers
  2 orc sorcerers
  A wolf spider (Spider:1)
  7 ugly things
  2 manticores
  7 cyclopes
  5 black mambas
  12 elephants
  A gargoyle (D:10)
  Maggie (D:10)
  11 cane toads
  Psyche (D:9)
  4 rime drakes
  4 kobold demonologists
  An unseen horror (D:13)
  3 komodo dragons
  3 yaktaurs (D:15)
  A tengu conjurer (D:13)
  7 trolls
  A polar bear (shapeshifter) (D:14)
  2 polar bears (Lair:4)
  3 meliai (Spider:1)
  A meliai (shapeshifter) (D:13)
  A hornet (D:8)
  2 tarantellas (Spider:1)
  17 blink frogs
  7 dream sheep
  2 jumping spiders (Spider:1)
  A centaur simulacrum (D:14)
  Sigmund (D:5)
  33 yaks
  2 culicivoras (Spider:1)
  10 slime creatures
  7 wraiths
  2 shadows
  A vampire (D:10)
  8 wyverns
  20 humans (D:14)
  4 steam dragons
  2 basilisks
  4 vampire mosquitoes
  6 redbacks
  4 wargs
  An acid dragon (D:9)
  7 hell hounds (D:15)
  12 water moccasins
  50 orc warriors
  2 sky beasts
  An ice beast (D:6)
  3 black bears
  18 wolves
  3 boggarts
  5 ogres
  10 centaurs
  3 phantoms
  2 lemures (D:5)
  5 kobold brigands
  An elf zombie (D:6)
  A necrophage (D:4)
  11 bullfrogs
  A gnoll sergeant (D:9)
  4 scorpions
  An elf skeleton (D:6)
  4 wights (D:8)
  31 killer bees
  A killer bee (shapeshifter) (D:8)
  4 howler monkeys
  An electric eel (D:9)
  A crimson imp (D:4)
  4 jellies
  A human zombie (D:6)
  A hound (D:5)
  2 gnoll boudas
  14 orc priests
  2 iguanas (D:4)
  A human skeleton (D:6)
  4 hell rats (Lair:4)
  26 orc wizards
  Robin (D:3)
  11 gnolls
  13 adders
  4 river rats (Sewer)
  3 white imps
  An ufetubus (D:4)
  3 worms (D:2)
  4 dart slugs
  94 orcs
  4 bats
  12 endoplasms
  5 giant cockroaches (D:4)
  23 goblins
  11 hobgoblins
  2 jackals (D:5)
  5 quokkas
  20 ball pythons
  9 frilled lizards
  6 gnoll skeletons (Ossuary)
  33 kobolds
  3 kobold skeletons (Ossuary)
  5 orc skeletons
  An orc zombie (D:6)
  35 rats
834 creatures vanquished.

Vanquished Creatures (collateral kills)
  A catoblepas (Lair:4)
  An orc high priest (Orc:2)
  An ugly thing (D:9)
  7 elephants
  A komodo dragon (Lair:4)
  5 yaks
  A wraith (D:11)
  A water moccasin (D:5)
  An orc warrior (D:8)
  A lemure (D:5)
  A kobold brigand (D:8)
  2 bullfrogs (Lair:1)
  A scorpion (D:6)
  A wight (D:8)
  A jelly (Lair:4)
  An iguana (D:5)
  A mummy (Ossuary)
  A gnoll (D:5)
  An adder (D:5)
  A jackal (D:5)
  5 gnoll skeletons (Ossuary)
  7 orc skeletons (Ossuary)
43 creatures vanquished.

Vanquished Creatures (others)
  A boggart (D:14)
  An orc (Orc:1)
  31 fungi
  59 plants
92 creatures vanquished.

Grand Total: 969 creatures vanquished

Notes
Turn   | Place    | Note
-------+----------+-------------------------------------------
     0 | D:1      | billz999 the Djinni Ice Elementalist began the quest for
                  | the Orb.
     0 | D:1      | billz999 set off with the following spells memorised:
                  | Freeze, Frozen Ramparts, Ozocubu's Armour, Summon Ice
                  | Beast.
     0 | D:1      | Reached XP level 1. HP: 15/15 MP: 0/0
    64 | D:1      | Reached XP level 2. HP: 18/21 MP: 0/0
   342 | D:1      | Reached XP level 3. HP: 19/25 MP: 0/0
   342 | D:1      | Learned a level 1 spell: Beastly Appendage
  1244 | D:2      | Reached XP level 4. HP: 25/31 MP: 0/0
  1893 | D:3      | Noticed Robin
  1909 | D:3      | Killed Robin
  1910 | D:3      | Reached XP level 5. HP: 6/35 MP: 0/0
  1910 | D:3      | Learned a level 2 spell: Scorch
  2058 | D:3      | Found a faded altar of an unknown god.
  2219 | D:3      | Found a runed translucent gate.
  2219 | D:3      | Found a runed translucent gate.
  2223 | D:3      | Noticed a kobold brigand
  2223 | D:3      | Noticed Theoretic's ghost (weakling FeEn)
  2224 | D:3      | Found a runed translucent gate.
  2865 | D:4      | Found Iluikk's Assorted Antiques.
  2914 | D:4      | Reached XP level 6. HP: 29/40 MP: 0/0
  3363 | D:4      | Found a glowing drain.
  3372 | D:4      | Reached skill level 5 in Spellcasting
  3381 | Sewer    | Entered a sewer
  3439 | Sewer    | Reached skill level 1 in Fighting
  3553 | Sewer    | Reached skill level 2 in Fighting
  3732 | Sewer    | Reached skill level 3 in Fighting
  3732 | Sewer    | Reached XP level 7. HP: 35/50 MP: 0/0
  3732 | Sewer    | Learned a level 3 spell: Spider Form
  3733 | Sewer    | Reached skill level 4 in Fighting
  4113 | D:4      | Found Fazueg's Antique Armour Emporium.
  4123 | D:4      | HP: 2/53 [orc warrior/+2 glaive of venom (8)]
  4336 | D:4      | Found Ebe Waje's General Store.
  4339 | D:4      | Bought a potion of curing for 42 gold pieces
  4375 | D:4      | Reached skill level 5 in Fighting
  4415 | D:4      | Identified the ring "Zazxyul" {rF+ rC- Str+6}
  4444 | D:4      | Reached XP level 8. HP: 29/61 MP: 0/0
  4768 | D:4      | Bought a pair of embroidered gloves for 135 gold pieces
  5003 | D:5      | Entered Level 5 of the Dungeon
  5062 | D:5      | Reached skill level 6 in Fighting
  5146 | D:5      | Reached skill level 7 in Fighting
  5261 | D:5      | Found a runed translucent gate.
  5262 | D:5      | Found a staircase to the Ecumenical Temple.
  5283 | Temple   | Entered the Ecumenical Temple
  5362 | Temple   | Became a worshipper of Makhleb the Destroyer
  5488 | D:5      | Noticed Sigmund
  5503 | D:5      | Killed Sigmund
  5504 | D:5      | Reached skill level 8 in Fighting
  5724 | D:5      | Noticed Pikel
  5726 | D:5      | Reached XP level 9. HP: 57/71 MP: 0/0
  5726 | D:5      | Learned a level 3 spell: Dazzling Flash
  5860 | D:5      | Killed Pikel
  5861 | D:5      | Reached skill level 9 in Fighting
  5981 | D:5      | Found a runed translucent gate.
  5981 | D:5      | Found a runed translucent gate.
  5992 | D:5      | Noticed Newt's ghost (amateur DsGl)
  6100 | D:5      | Reached skill level 10 in Fighting
  6101 | D:5      | Reached * piety under Makhleb
  6946 | D:6      | Found a sand-covered staircase.
  6956 | Ossuary  | Entered an ossuary
  7005 | Ossuary  | Reached ** piety under Makhleb
  7017 | Ossuary  | Reached XP level 10. HP: 57/80 MP: 0/0
  7669 | D:6      | Found a transporter.
  7673 | D:6      | Noticed tonyyikes's ghost (novice DjCj)
  7681 | D:6      | Found a transporter.
  7793 | D:6      | Identified the +0 leather armour of Naluomel {rC+ rN++
                  | Dex+2}
  7950 | D:6      | Identified the +3 robe of Spite {rElec rCorr Dex+3 Stlth+}
  7982 | D:6      | Reached *** piety under Makhleb
  7984 | D:6      | Reached skill level 5 in Dodging
  9187 | D:8      | Found a shimmering altar of Xom.
  9213 | D:8      | Reached skill level 10 in Dodging
  9213 | D:8      | Reached XP level 11. HP: 83/85 MP: 0/0
  9213 | D:8      | Learned a level 4 spell: Flame Wave
  9215 | D:8      | Reached skill level 1 in Invocations
  9285 | D:8      | Noticed a purple ugly thing
  9295 | D:8      | Killed a purple ugly thing
  9307 | D:8      | Noticed a seven-headed hydra
  9307 | D:8      | Reached **** piety under Makhleb
  9328 | D:8      | Reached skill level 5 in Invocations
  9342 | D:8      | Killed a seven-headed hydra
  9367 | D:8      | Noticed a cyclops
  9375 | D:8      | Killed a cyclops
  9376 | D:8      | Reached skill level 11 in Fighting
  9428 | D:8      | Identified a scroll of acquirement
  9428 | D:8      | Acquired 546 gold pieces
  9778 | D:8      | Reached skill level 1 in Ranged Weapons
 10166 | D:9      | Noticed a red ugly thing
 10178 | D:9      | Killed a red ugly thing
 10213 | D:9      | Found a flagged portal.
 10224 | Bailey   | Entered a bailey
 10237 | Bailey   | Noticed an orc knight
 10535 | Bailey   | Reached ***** piety under Makhleb
 10555 | Bailey   | Killed an orc knight
 10571 | Bailey   | Reached XP level 12. HP: 65/94 MP: 0/0
 10701 | D:9      | Found Qiwo's Distillery.
 10704 | D:9      | Noticed Psyche
 10708 | D:9      | Noticed a two-headed ogre
 10713 | D:9      | Killed Psyche
 10714 | D:9      | Reached skill level 5 in Ranged Weapons
 10716 | D:9      | Killed a two-headed ogre
 10938 | D:10     | Entered Level 10 of the Dungeon
 11087 | D:10     | Noticed Maggie
 11096 | D:10     | Killed Maggie
 11267 | D:10     | Found a stormy altar of Qazlal.
 11268 | D:10     | Noticed Erica
 11273 | D:10     | Killed Erica
 12028 | D:10     | Found an iron altar of Okawaru.
 12073 | D:10     | Found a staircase to the Lair.
 12245 | Lair:1   | Entered Level 1 of the Lair of Beasts
 12991 | D:4      | Bought a glowing cloak for 135 gold pieces
 13220 | Lair:2   | Found a hole to the Spider Nest.
 13295 | Lair:2   | Reached XP level 13. HP: 55/99 MP: 0/0
 13295 | Lair:2   | Learned a level 5 spell: Fireball
 13368 | Lair:2   | Reached skill level 10 in Ranged Weapons
 13665 | Lair:2   | Found a staircase to the Shoals.
 15990 | Lair:4   | Found a staircase to the Slime Pits.
 16009 | Lair:4   | Found a viscous altar of Jiyva.
 16606 | Lair:4   | Found a runed translucent door.
 16606 | Lair:4   | Noticed an eight-headed hydra
 16608 | Lair:4   | Noticed Saozxam's ghost (journeyman KoHu)
 16759 | Lair:4   | Found a hide-covered altar of Uskayaw.
 16759 | Lair:4   | Found an ornate altar of the Wu Jian Council.
 17084 | Lair:5   | Entered Level 5 of the Lair of Beasts
 17156 | Lair:5   | Noticed an eight-headed hydra
 17268 | Lair:5   | Killed an eight-headed hydra
 17487 | Lair:4   | Reached XP level 14. HP: 54/105 MP: 0/0
 18210 | Lair:4   | Found a viscous altar of Jiyva.
 18220 | Lair:4   | Found a staircase to the Slime Pits.
 18358 | Lair:4   | Found a hide-covered altar of Uskayaw.
 18359 | Lair:4   | Found an ornate altar of the Wu Jian Council.
 18598 | Lair:4   | Reached ****** piety under Makhleb
 18879 | Lair:4   | Reached skill level 12 in Fighting
 19139 | Lair:5   | Reached skill level 13 in Fighting
 19157 | Lair:5   | Identified the +9 trident of Joyful Slaughter {heavy, rC+}
 19324 | Lair:5   | Identified the +6 spear of the Final Decision {heavy, rF+}
 19330 | Lair:5   | Identified the +7 glaive "Nyshrerghun" {flame, rElec Will+
                  | Str+4}
 19797 | D:11     | Noticed Harold
 20051 | D:11     | Found a staircase to the Orcish Mines.
 20084 | D:11     | Reached skill level 14 in Fighting
 20084 | D:11     | Reached XP level 15. HP: 115/117 MP: 0/0
 20084 | D:11     | Learned a level 6 spell: Eringya's Noxious Bog
 20144 | D:11     | Killed Harold
 20152 | D:11     | Noticed Josephine
 20159 | D:11     | Killed Josephine
 20515 | Orc:1    | Entered Level 1 of the Orcish Mines
 20515 | Orc:1    | Noticed an orc warlord
 20530 | D:11     | HP: 2/118 [orc warrior/+0 scimitar[an orc knight] (22)]
 20836 | D:11     | Killed an orc warlord
 21230 | Orc:2    | Entered Level 2 of the Orcish Mines
 21307 | Orc:2    | Reached skill level 15 in Fighting
 21319 | Orc:2    | Reached skill level 1 in Armour
 21320 | Orc:2    | Found Josupadu's Distillery.
 21328 | Orc:2    | Bought a potion of heal wounds for 75 gold pieces
 21328 | Orc:2    | Bought a potion of heal wounds for 75 gold pieces
 21328 | Orc:2    | Bought a potion of heal wounds for 75 gold pieces
 21328 | Orc:2    | Bought a potion of haste for 150 gold pieces
 21668 | Orc:2    | Found a staircase to the Elven Halls.
 21976 | Orc:2    | Found Soxa's Armour Shop.
 21984 | Orc:2    | Bought the +2 helmet of Darkness {rC+++ Str+2 Int+4} for
                  | 898 gold pieces
 22152 | Orc:2    | Noticed Saint Roka
 22384 | Orc:2    | Reached skill level 5 in Armour
 23606 | Orc:2    | Killed Saint Roka
 23663 | Orc:2    | Found Ziutaiku's Antique Weapon Shop.
 23674 | Orc:2    | Found Jyulurph's Antique Armour Boutique.
 23691 | Orc:2    | Bought a fine plate armour for 672 gold pieces
 23691 | Orc:2    | Identified the +2 plate armour of Delicate Beauty {*Corrode
                  | Will+ Slay+3} (You bought it in a shop on level 2 of the
                  | Orcish Mines)
 24523 | D:12     | Found Focecvykh's Armour Shoppe.
 24526 | D:12     | Bought a +1 pair of gloves of strength for 198 gold pieces
 24526 | D:12     | Bought the +0 leather armour of Happiness {rElec Will++
                  | Dex+7} for 536 gold pieces
 25251 | D:13     | Noticed Snorg
 25257 | D:13     | Killed Snorg
 25323 | D:13     | Reached XP level 16. HP: 126/126 MP: 0/0
 26483 | D:14     | Reached skill level 10 in Invocations
 26666 | D:14     | Found a snail-covered altar of Cheibriados.
 26745 | D:13     | Acquired 716 gold pieces
 27258 | D:14     | Found a gate to the Vaults.
 27387 | D:15     | Entered Level 15 of the Dungeon
 27772 | D:15     | Noticed Jorgrun
 27783 | D:15     | Killed Jorgrun
 28176 | D:15     | Found a staircase to the Depths.
 28216 | D:15     | Found Keoskec's Weapon Emporium.
 28761 | Spider:1 | Entered Level 1 of the Spider Nest
 28805 | Spider:1 | Reached XP level 17. HP: 130/131 MP: 0/0
 28805 | Spider:1 | Learned a level 6 spell: Statue Form
 28809 | Spider:1 | Slain by a wolf spider

Illustrated notes

Levels and vault maps discovered:
D:1:      dpeg_arrival_central, layout_basic
D:2:      layout_loops_ring, st_stairs_10, kennysheep_generic_room_4
D:3:      layout_loops_ring, nicolae_ecumenical_pavilion,
          gammafunk_ghost_nasty_kobolds, minmay_fractal_squares_gapless_5,
          uniq_robin
D:4:      nicolae_BIG_FREAKIN_CUBE, layout_loops_ring, portal_sewer_entry_f,
          serial_shops, nicolae_stop_n_shop_2, nicolae_shop_advertising_works
          [nicolae_subvault_shop_adworks], nicolae_stop_n_shop_2,
          minmay_fire_ice_demons
D:5:      layout_cave_pools, minmay_temple_entry_crystal_x,
          gammafunk_ghost_split, lexackson_kobold_supper, uniq_sigmund,
          uniq_pikel
D:6:      layout_basic, gammafunk_ghost_smash, nicolae_ossuary_entry_catacombs,
          minmay_pentangle
D:7:      layout_rooms, minmay_door_square
D:8:      minmay_bloctagon, layout_loops_corners,
          mainiacjoe_overflow_tiny_flanked
D:9:      layout_roguey, enter_bailey_5, nicolae_take_the_stairs, minivault_4,
          uniq_psyche
D:10:     layout_basic, mainiacjoe_overflow_catwalk_spiral, lair_entry_dummy,
          uniq_maggie, uniq_erica
D:11:     layout_cave_pools, david_orc_2, uniq_harold, uniq_josephine
D:12:     layout_irregular_city, serial_shops, kennysheep_mini,
          lemuel_blue_sif_altar
D:13:     layout_long_grid, uniq_snorg
D:14:     layout_rooms, grunt_vaults_entry_tiered, cheibriados_altar_1
D:15:     grunt_enter_depths_giant_problem, layout_rooms, serial_shops,
          nicolae_shop_bloodbath_and_beyond, nicolae_sextant,
          minmay_rotating_lava, uniq_jorgrun
Temple:   compressed_dpeg_triangle_lava_temple
Lair:1:   layout_misc_corridors, grunt_megastairs_1
Lair:2:   layout_roguey, minmay_shoals_entry_centaurs, spider_nest_entry_a
Lair:3:   layout_gridlike, serial_bayou_shore_b
Lair:4:   layout_regular_city, nicolae_slime_entry_field_trip,
          ebering_ghost_inner_flame, nzn_masters_of_martial_movement,
          infiniplex_staircase_pool
Lair:5:   gammafunk_lair_ancient_temple, layout_big_grid, minmay_lindwurm_lava,
          lemuel_fruit_tree
Spider:1: layout_spider_delve
Orc:1:    layout_caves
Orc:2:    grunt_orc_community_town_hall, layout_diamond_mine,
          grunt_orc_community_big_house_1, grunt_orc_community_big_house_1,
          grunt_orc_community_house_1, grunt_orc_community_house_3,
          grunt_orc_community_house_3, grunt_orc_community_house_2,
          grunt_orc_community_house_2, grunt_orc_community_house_3, basic_altar,
          nicolae_orc_damp_corner

Skill      XL: |  1  2  3  4  5  6  7  8  9 10 11 12 13 14 15 16 |
---------------+-------------------------------------------------+-----
Stealth        | 2 |  2.4
Dodging        | 3 10 | 10.0
Spellcasting   | 4 5 6 7 |  7.8
Fighting       | 3 5 8 10 11 14 15 | 15.0
Invocations    | 5 9 13 | 13.4
Ranged Weapons | 4 9 13 14 | 14.0
Armour         | 5 |  5.4

Action                   |  1- 3 |  4- 6 |  7- 9 | 10-12 | 13-15 | 16-18 || total
-------------------------+-------+-------+-------+-------+-------+-------++-------
Melee: Unarmed           |     2 |       |       |       |       |       ||     2
       Staff             |       |       |     1 |       |       |       ||     1
 Fire: Sling             |       |   133 |    12 |       |       |       ||   145
       Shortbow          |       |       |       |   148 |   514 |   257 ||   919
 Cast: Freeze            |    58 |    17 |    37 |    69 |    83 |     8 ||   272
       Frozen Ramparts   |     3 |    18 |    32 |    54 |    38 |    16 ||   161
       Scorch            |       |    29 |   107 |   186 |   100 |    23 ||   445
       Summon Ice Beast  |       |       |     7 |    29 |    31 |     2 ||    69
       Ozocubu's Armour  |       |       |     2 |       |     7 |       ||     9
       Dazzling Flash    |       |       |     1 |     7 |    11 |     1 ||    20
       Flame Wave        |       |       |       |    36 |   127 |    36 ||   199
       Beastly Appendage |       |       |       |     1 |       |       ||     1
       Fireball          |       |       |       |       |   194 |    72 ||   266
Invok: Lesser Servant of |       |       |       |       |     3 |     2 ||     5
       Greater Servant o |       |       |       |       |     1 |       ||     1
Evoke: Wand              |       |       |       |       |     7 |       ||     7
  Use: Scroll            |     3 |     6 |     6 |    12 |    22 |     4 ||    53
       Potion            |       |     1 |     1 |       |     8 |     1 ||    11
 Stab: Sleeping          |     1 |       |       |       |       |       ||     1
Armor: Robe              |     9 |    23 |    10 |    62 |   209 |       ||   313
       Leather armour    |       |       |       |       |     2 |    33 ||    35
Dodge: Dodged            |    28 |    41 |    30 |   201 |   619 |   147 ||  1066

Table legend: (Time is in decaauts)
 A = Elapsed time spent in this place.
 B = Non-inter-level travel time spent in this place.
 C = Inter-level travel time spent in this place.
 D = Time resting spent in this place.
 E = Time spent auto-exploring this place.
 F = Levels seen in this place.
 G = Mean time per level.
                   A        B        C        D        E       F      G
               +--------+--------+--------+--------+--------+-----+--------+
         Total |  28866 |  26669 |   2197 |   6199 |  15878 |  27 | 1069.1 |
       Dungeon |  17250 |  15774 |   1476 |   2557 |  10552 |  15 | 1150.0 |
        Temple |    190 |    154 |     36 |     94 |     52 |   1 |  190.0 |
          Lair |   7195 |   6670 |    525 |   2030 |   3522 |   5 | 1439.0 |
   Spider Nest |     48 |     48 |      0 |      4 |     14 |   1 |   48.0 |
  Orcish Mines |   2771 |   2613 |    158 |   1259 |    941 |   2 | 1385.5 |
         Sewer |    460 |    460 |      0 |     58 |    257 |   1 |  460.0 |
       Ossuary |    480 |    480 |      0 |      0 |    374 |   1 |  480.0 |
        Bailey |    468 |    468 |      0 |    196 |    166 |   1 |  468.0 |
               +--------+--------+--------+--------+--------+-----+--------+

Top non-repeatable levels by time:
  Lair:4: 3733 daAuts
   Orc:2: 2507 daAuts
    D:13: 1801 daAuts
    D:10: 1681 daAuts
     D:4: 1484 daAuts
     D:6: 1413 daAuts
     D:3: 1367 daAuts
     D:8: 1247 daAuts
    D:14: 1241 daAuts
     D:5: 1177 daAuts
    D:11: 1021 daAuts
     D:1: 986 daAuts
  Lair:2: 974 daAuts
  Lair:3: 959 daAuts
    D:15: 938 daAuts
